[Event "WGM Cvijet Mediterana 2019"]
[Site "Rijeka"]
[Date "2019.03.03"]
[Round "1.1"]
[White "Medic, Mirjana"]
[Black "Cvitan, Ena"]
[Result "1/2-1/2"]
[ECO "D36"]
[WhiteElo "2207"]
[BlackElo "2203"]
[Annotator "NA"]
[PlyCount "20"]
[EventDate "2019.03.03"]
[EventType "tourn"]
[EventCountry "CRO"]
[SourceTitle "playchess.com"]
[Source "ChessBase"]
[SourceQuality "1"]
[TimeControl "5400+30"]

1. d4 d5 2. c4 e6 3. Nc3 Nf6 4. Bg5 Be7 5. cxd5 exd5 6. Qc2 c6 7. e3 O-O 8. Nf3 h6 9. Bh4 Nh5 10. Bxe7 Qxe7 1/2-1/2

[Event "WGM Cvijet Mediterana 2019"]
[Site "Rijeka"]
[Date "2019.03.03"]
[Round "1.4"]
[White "Miladinovic, Lena"]
[Black "Djukic, Sandra"]
[Result "1/2-1/2"]
[ECO "D14"]
[WhiteElo "2140"]
[BlackElo "2157"]
[Annotator "NA"]
[PlyCount "22"]
[EventDate "2019.03.03"]
[EventType "tourn"]
[EventCountry "CRO"]
[SourceTitle "playchess.com"]
[Source "ChessBase"]
[SourceQuality "1"]
[TimeControl "5400+30"]

1. d4 d5 2. Nf3 Nf6 3. Bf4 c5 4. c3 cxd4 5. cxd4 Nc6 6. Nc3 Bf5 7. e3 e6 8. Bd3 Bxd3 9. Qxd3 Bd6 10. Bxd6 Qxd6 11. O-O O-O 1/2-1/2

[Event "WGM Cvijet Mediterana 2019"]
[Site "Rijeka"]
[Date "2019.03.03"]
[Round "2.4"]
[White "Babiy, Olga"]
[Black "Vujnovic, Patricija"]
[Result "1-0"]
[ECO "B11"]
[WhiteElo "2305"]
[BlackElo "2056"]
[Annotator "NA RC"]
[PlyCount "97"]
[EventDate "2019.03.03"]
[EventType "tourn"]
[EventCountry "CRO"]
[SourceTitle "playchess.com"]
[Source "ChessBase"]
[SourceQuality "1"]
[TimeControl "5400+30"]

1. e4 c6 2. Nc3 d5 3. Nf3 dxe4 4. Nxe4 Nf6 5. Qe2 Nxe4 6. Qxe4 Qd5 {[%emt 0:00:30] B11: Caro-Kann: Two Knights Variation} 7. Qf4 Qf5 8. Qe3 Qe6 9. b3 Qxe3+ 10. fxe3 Bg4 11. Be2 Nd7 12. Bb2 e6 13. O-O-O $146 ({Predecessor:} 13. h3 Bxf3 14. Bxf3 {1-0 (32) Stevic,H (2607)-Krstic,U (2420) Mali Losinj 2016}) 13... Nf6 14. h3 Bxf3 15. Bxf3 Be7 16. g4 O-O 17. Rdf1 Nd7 18. h4 a5 19. a3 Rac8 20. g5 a4 21. b4 b5 22. Be2 Nb6 23. g6 f5 24. gxh7+ Kxh7 25. e4 Nc4 26. exf5 Nxb2 27. Kxb2 exf5 28. Bd3 Rcd8 29. Bxf5+ g6 ({Black should try} 29... Kh6 $14) 30. Be4 Rxf1 31. Rxf1 Kg7 32. Bxc6 Bxh4 33. Bxb5 Rxd2 34. Bxa4 Bf6+ 35. Kb3 Re2 36. Bb5 Re3+ 37. Bd3 g5 38. Rg1 Bd8 39. a4 Kf6 40. a5 Ke5 41. a6 Bb6 42. Rxg5+ Kd6 43. Kc4 Re7 44. Kb5 Ba7 45. c4 Kc7 46. c5 Rd7 47. Bc2 Re7 48. Rg8 Bb8 49. Bf5 1-0

[Event "WGM Cvijet Mediterana 2019"]
[Site "Rijeka"]
[Date "2019.03.03"]
[Round "3.1"]
[White "Hrescak, Ivana"]
[Black "Cvitan, Ena"]
[Result "1-0"]
[ECO "D31"]
[WhiteElo "2128"]
[BlackElo "2203"]
[Annotator "NA"]
[PlyCount "63"]
[EventDate "2019.03.03"]
[EventType "tourn"]
[EventCountry "CRO"]
[SourceTitle "playchess.com"]
[Source "ChessBase"]
[SourceQuality "1"]
[TimeControl "5400+30"]

1. d4 d5 2. c4 e6 3. Nc3 a6 4. cxd5 exd5 5. Qb3 c5 6. Nxd5 Be6 7. e4 Nc6 8. Nf3 cxd4 9. Bd2 Rb8 10. Qc4 Nge7 11. Nxd4 Nxd4 12. Nc7+ Qxc7 13. Qxc7 Rc8 14. Qxb7 Nc2+ 15. Kd1 Nxa1 16. Bxa6 f6 17. Qb6 Kf7 18. Bxc8 Nxc8 19. Qc7+ Be7 20. Ke2 Nd6 21. Rxa1 Rc8 22. Qb6 Rc2 23. Rc1 Bc4+ 24. Kd1 Rxc1+ 25. Kxc1 Be6 26. f3 Nc4 27. Qa7 Ne5 28. b3 f5 29. Qc7 Nd3+ 30. Kc2 fxe4 31. fxe4 Nc5 32. Bb4 1-0

[Event "WGM Cvijet Mediterana 2019"]
[Site "Rijeka"]
[Date "2019.03.03"]
[Round "3.2"]
[White "Vujnovic, Patricija"]
[Black "Medic, Mirjana"]
[Result "1/2-1/2"]
[ECO "D00"]
[WhiteElo "2056"]
[BlackElo "2207"]
[Annotator "RC"]
[PlyCount "21"]
[EventDate "2019.03.03"]
[EventType "tourn"]
[EventCountry "CRO"]
[SourceTitle "playchess.com"]
[Source "ChessBase"]
[SourceQuality "1"]
[TimeControl "5400+30"]

1. d4 d5 2. Bf4 Nf6 3. e3 e6 4. Bd3 Bd6 5. Bg3 Bxg3 6. hxg3 Nbd7 7. Nf3 c5 8. c3 Qb6 9. Qc1 h6 10. Nbd2 c4 11. Bc2 1/2-1/2

[Event "WGM Cvijet Mediterana 2019"]
[Site "Rijeka"]
[Date "2019.03.03"]
[Round "3.3"]
[White "Miladinovic, Lena"]
[Black "Babiy, Olga"]
[Result "1/2-1/2"]
[ECO "E14"]
[WhiteElo "2140"]
[BlackElo "2305"]
[Annotator "NA"]
[PlyCount "73"]
[EventDate "2019.03.03"]
[EventType "tourn"]
[EventCountry "CRO"]
[SourceTitle "playchess.com"]
[Source "ChessBase"]
[SourceQuality "1"]
[TimeControl "5400+30"]

1. d4 Nf6 2. Nf3 e6 3. e3 b6 4. Bd3 Bb7 5. O-O Be7 6. c4 O-O 7. Nc3 d5 8. b3 Nbd7 9. Bb2 c5 10. cxd5 cxd4 11. Nxd4 Nxd5 12. Nxd5 Bxd5 13. Rc1 Nc5 14. Bb1 g6 15. b4 Ne4 16. f3 Nf6 17. e4 Bb7 18. Qb3 Rc8 19. Rcd1 Qe8 20. a4 Bc6 21. b5 Bd7 22. Kh1 e5 23. Nc6 Bxc6 24. bxc6 Bc5 25. Bd3 Nh5 26. g3 Rxc6 27. Bb5 Qe6 28. Qxe6 Rxe6 29. Rd7 a5 30. Bc4 Rd6 31. Rxd6 Bxd6 32. Rd1 Be7 33. Bxe5 Rc8 34. Bb3 Nf6 35. Kg2 Kf8 36. Kf2 Ke8 37. Bxf6 1/2-1/2

[Event "WGM Cvijet Mediterana 2019"]
[Site "Rijeka"]
[Date "2019.03.03"]
[Round "3.4"]
[White "Zimina, Olga"]
[Black "Tomilova, Elena"]
[Result "1/2-1/2"]
[ECO "D14"]
[WhiteElo "2387"]
[BlackElo "2300"]
[Annotator "NA RC"]
[PlyCount "22"]
[EventDate "2019.03.03"]
[EventType "tourn"]
[EventCountry "CRO"]
[SourceTitle "playchess.com"]
[Source "ChessBase"]
[SourceQuality "1"]
[TimeControl "5400+30"]

1. c4 d5 2. d4 c6 3. cxd5 cxd5 4. Nc3 Nf6 5. Nf3 Nc6 6. Bf4 Bf5 7. e3 e6 8. Bd3 Bxd3 9. Qxd3 Bd6 10. Bxd6 Qxd6 11. O-O O-O 1/2-1/2

[Event "WGM Cvijet Mediterana 2019"]
[Site "Rijeka"]
[Date "2019.03.03"]
[Round "3.5"]
[White "Rakhmangulova, Anastasiya"]
[Black "Djukic, Sandra"]
[Result "0-1"]
[ECO "B84"]
[WhiteElo "2235"]
[BlackElo "2157"]
[Annotator "NA"]
[PlyCount "128"]
[EventDate "2019.03.03"]
[EventType "tourn"]
[EventCountry "CRO"]
[SourceTitle "playchess.com"]
[Source "ChessBase"]
[SourceQuality "1"]
[TimeControl "5400+30"]

1. e4 c5 2. Nf3 Nc6 3. d4 cxd4 4. Nxd4 Qc7 5. Nc3 e6 6. Be3 a6 7. Be2 Nf6 8. O-O Be7 9. f4 d6 10. Bf3 Nxd4 11. Qxd4 e5 12. Qd2 exf4 13. Bxf4 Be6 14. a4 Nd7 15. Nd5 Bxd5 16. exd5 O-O 17. a5 Bf6 18. c3 Ne5 19. Be4 Rae8 20. Ra4 g6 21. Bxe5 Bxe5 22. Bc2 Bg7 23. Qf2 Re5 24. Rf4 Bh6 25. Rf3 Qxa5 26. Bb3 Qc7 27. Kh1 Qe7 28. Bd1 Bg7 29. b4 Re4 30. g3 f5 31. Rd3 Re8 32. Bf3 Rc4 33. Qd2 Be5 34. Bd1 Rec8 35. g4 f4 36. Re1 Qf6 37. Qg2 Rxc3 38. g5 Qf5 39. Rxc3 Rxc3 40. Bf3 Rc2 41. Qg1 Qh3 42. Bg4 Qc3 43. Bd1 Rc1 44. Rf1 Qd4 45. Qxd4 Bxd4 46. Be2 Rxf1+ 47. Bxf1 f3 48. Bh3 b6 49. Bg4 f2 50. Kg2 h5 51. Be2 a5 52. b5 h4 53. Bd1 Kf7 54. Bc2 Be3 55. Bd3 a4 56. h3 a3 57. Bb1 Bxg5 58. Kxf2 Kf6 59. Ke2 Ke5 60. Kd3 Kf4 61. Ke2 Kg3 62. Kd3 Kxh3 63. Kc3 Bf6+ 64. Kb3 g5 0-1

[Event "WGM Cvijet Mediterana 2019"]
[Site "Rijeka"]
[Date "2019.03.05"]
[Round "4.1"]
[White "Cvitan, Ena"]
[Black "Djukic, Sandra"]
[Result "1/2-1/2"]
[ECO "A47"]
[WhiteElo "2203"]
[BlackElo "2157"]
[Annotator "NA"]
[PlyCount "21"]
[EventDate "2019.03.03"]
[EventType "tourn"]
[EventCountry "CRO"]
[SourceTitle "playchess.com"]
[Source "ChessBase"]
[SourceQuality "1"]
[TimeControl "5400+30"]

1. d4 Nf6 2. Nf3 e6 3. Bf4 b6 4. e3 Bb7 5. Nbd2 Be7 6. h3 $11 c5 7. c3 cxd4 8. exd4 O-O 9. Bd3 d6 10. O-O Nbd7 11. Bh2 1/2-1/2

[Event "WGM Cvijet Mediterana 2019"]
[Site "Rijeka"]
[Date "2019.03.05"]
[Round "4.4"]
[White "Medic, Mirjana"]
[Black "Miladinovic, Lena"]
[Result "1-0"]
[ECO "A46"]
[WhiteElo "2207"]
[BlackElo "2140"]
[Annotator "ChessBase"]
[PlyCount "109"]
[EventDate "2019.03.03"]
[EventType "tourn"]
[EventCountry "CRO"]
[SourceTitle "playchess.com"]
[Source "ChessBase"]
[SourceQuality "1"]
[TimeControl "5400+30"]

1. d4 Nf6 2. Nf3 e6 3. e3 c5 4. Bd3 d6 5. c4 Nbd7 6. Nc3 a6 7. O-O g6 8. e4 cxd4 9. Nxd4 Bg7 10. Be3 O-O 11. Rc1 Nc5 12. Bb1 e5 13. Nf3 Ne6 14. Nd5 Nxd5 15. Qxd5 Nf4 16. Bxf4 exf4 17. b4 Bg4 18. Qd3 a5 19. b5 Qe7 20. Rfd1 Bxf3 21. Qxf3 Be5 22. g3 fxg3 23. hxg3 h5 24. Kg2 Kg7 25. Qe3 a4 26. a3 Rh8 27. f4 Bf6 28. c5 dxc5 29. e5 Kg8 30. Qxc5 h4 31. Rd6 Bg7 32. Qd5 hxg3 33. Bxg6 Rh2+ 34. Kf3 Qh4 35. Bxf7+ Kh8 36. Ke3 g2 37. Rg1 Rh3+ 38. Ke4 Qg3 39. Rd8+ Rxd8 40. Qxd8+ Kh7 41. Bg8+ Kh6 42. Qd6+ Qg6+ 43. Qxg6+ Kxg6 44. Rxg2+ Kh6 45. f5 Bf8 46. Rg6+ Kh5 47. Bf7 Kh4 48. Rg8 Bxa3 49. Rh8+ Kg3 50. Rxh3+ Kxh3 51. f6 Bb2 52. Kf5 a3 53. Ba2 Bc3 54. e6 Kh4 55. e7 1-0

[Event "WGM Cvijet Mediterana 2019"]
[Site "Rijeka"]
[Date "2019.03.07"]
[Round "6.1"]
[White "Cvitan, Ena"]
[Black "Tomilova, Elena"]
[Result "0-1"]
[ECO "E40"]
[WhiteElo "2203"]
[BlackElo "2300"]
[Annotator "NA"]
[PlyCount "106"]
[EventDate "2019.03.03"]
[EventType "tourn"]
[EventCountry "CRO"]
[SourceTitle "playchess.com"]
[Source "ChessBase"]
[SourceQuality "1"]
[TimeControl "5400+30"]

1. d4 Nf6 2. c4 e6 3. Nc3 Bb4 4. e3 d5 5. a3 Bxc3+ 6. bxc3 c6 7. a4 O-O 8. Nf3 $11 b6 9. cxd5 cxd5 10. Ba3 Re8 11. Bb5 Bd7 12. Bd3 Nc6 13. O-O Na5 14. Ne5 Qc7 15. Bb4 Nc4 16. Bxc4 dxc4 17. a5 Bc6 18. Qc2 b5 19. Rfd1 Rac8 20. a6 Nd5 21. Bc5 f6 22. Nxc6 Qxc6 23. Rdb1 Nc7 24. Ra5 Ra8 25. Qa2 Red8 26. f3 Kh8 27. Qa3 e5 28. e4 exd4 29. cxd4 f5 30. d5 Qg6 31. Re1 fxe4 32. fxe4 Re8 33. d6 Rxe4 34. Rxe4 Qxe4 35. h3 Ne6 36. Rxb5 Qe1+ 37. Kh2 Qe5+ 38. Qg3 Qd5 39. Qf3 Qe5+ 40. Qg3 Qd5 41. d7 Rg8 42. Rb8 Qxc5 43. Rxg8+ Kxg8 44. Qb8+ Kf7 45. d8=Q Nxd8 46. Qxd8 c3 47. Qd7+ Kf6 48. Qd8+ Ke6 49. Qe8+ Kd6 50. Qf8+ Kc6 51. Qxg7 c2 52. Qb7+ Kd6 53. Qb8+ Qc7 0-1

[Event "WGM Cvijet Mediterana 2019"]
[Site "Rijeka"]
[Date "2019.03.07"]
[Round "6.2"]
[White "Babiy, Olga"]
[Black "Djukic, Sandra"]
[Result "1-0"]
[ECO "C11"]
[WhiteElo "2305"]
[BlackElo "2157"]
[Annotator "NA"]
[PlyCount "61"]
[EventDate "2019.03.03"]
[EventType "tourn"]
[EventCountry "CRO"]
[SourceTitle "playchess.com"]
[Source "ChessBase"]
[SourceQuality "1"]
[TimeControl "5400+30"]

1. e4 e6 2. Nc3 d5 3. d4 Nf6 4. e5 Nfd7 5. f4 c5 6. Nf3 Be7 $11 {LiveBook: 273 Games} 7. Be3 Nc6 8. Qd2 O-O 9. dxc5 Nxc5 10. O-O-O Qa5 11. Kb1 Rd8 12. Nb5 Qxd2 13. Rxd2 a6 14. Nbd4 Nxd4 15. Nxd4 Bd7 16. c4 dxc4 17. Bxc4 Rac8 18. Rc2 Kf8 19. g4 Ba4 20. b3 Rxd4 21. Bxd4 Bc6 22. Rd1 Rd8 23. Kc1 Ne4 24. Bb2 Rxd1+ 25. Kxd1 Bc5 26. Ke2 Bg1 27. Bd3 Bd5 28. Rc8+ Ke7 29. Rc7+ Kd8 30. Rxf7 Bxh2 31. Bxe4 1-0

[Event "WGM Cvijet Mediterana 2019"]
[Site "Rijeka"]
[Date "2019.03.07"]
[Round "6.3"]
[White "Medic, Mirjana"]
[Black "Rakhmangulova, Anastasiya"]
[Result "1-0"]
[ECO "D05"]
[WhiteElo "2207"]
[BlackElo "2235"]
[Annotator "NA"]
[PlyCount "75"]
[EventDate "2019.03.03"]
[EventType "tourn"]
[EventCountry "CRO"]
[SourceTitle "playchess.com"]
[Source "ChessBase"]
[SourceQuality "1"]
[TimeControl "5400+30"]

1. d4 d5 2. Nf3 Nf6 3. e3 e6 4. Bd3 c5 5. b3 Nc6 $11 6. Bb2 Qa5+ 7. c3 Qc7 8. Nbd2 cxd4 9. exd4 Bd6 10. O-O g5 11. c4 g4 12. Ne5 h5 13. Re1 Bd7 14. cxd5 Nxd5 15. Ndc4 Bb4 16. Rf1 Rg8 17. Rc1 f6 18. Nxd7 Qxd7 19. a3 Bf8 20. b4 Nf4 21. Ne3 Ne7 22. Re1 Bh6 23. Rc5 Kf7 24. Bb5 Qd6 25. Qc2 b6 26. Rc7 Rac8 27. Rxe7+ Qxe7 28. Qh7+ Bg7 29. Nf5 Qd8 30. Nh6+ Ke7 31. Nxg8+ Kf8 32. Qe4 Qd6 33. Bc1 Nd5 34. Nh6 f5 35. Nxf5 Qc7 36. Nxg7 Kxg7 37. Bd2 Rf8 38. Bd3 1-0

[Event "WGM Cvijet Mediterana 2019"]
[Site "Rijeka"]
[Date "2019.03.07"]
[Round "6.4"]
[White "Hrescak, Ivana"]
[Black "Zimina, Olga"]
[Result "1/2-1/2"]
[ECO "D16"]
[WhiteElo "2128"]
[BlackElo "2387"]
[Annotator "NA"]
[PlyCount "80"]
[EventDate "2019.03.03"]
[EventType "tourn"]
[EventCountry "CRO"]
[SourceTitle "playchess.com"]
[Source "ChessBase"]
[SourceQuality "1"]
[TimeControl "5400+30"]

1. d4 d5 2. c4 c6 3. Nf3 Nf6 4. Nc3 dxc4 5. a4 e6 6. e3 c5 7. Bxc4 Nc6 8. O-O cxd4 9. exd4 Be7 10. h3 O-O 11. Be3 Nb4 12. Bf4 Bd7 $11 13. Ne5 Bc6 14. Bh2 Bd5 15. Be2 Rc8 16. Rc1 Qb6 17. Nxd5 Nbxd5 18. Nc4 Qb4 19. Qd3 Qxa4 20. Ra1 Qb4 21. Rxa7 b5 22. Na3 Qxb2 23. Nxb5 Nc3 24. Nxc3 Rxc3 25. Rb1 Rc1+ 26. Rxc1 Qxc1+ 27. Qd1 Qxd1+ 28. Bxd1 Rc8 29. Kf1 Nd5 30. Bf3 Bf6 31. Bxd5 exd5 32. Rd7 Rd8 33. Rxd8+ Bxd8 34. Ke2 h5 35. g4 Kh7 36. Bd6 Kg6 37. f4 f5 38. Kf3 Bb6 39. Be5 hxg4+ 40. hxg4 fxg4+ 1/2-1/2

[Event "WGM Cvijet Mediterana 2019"]
[Site "Rijeka"]
[Date "2019.03.07"]
[Round "6.5"]
[White "Vujnovic, Patricija"]
[Black "Miladinovic, Lena"]
[Result "0-1"]
[ECO "A52"]
[WhiteElo "2056"]
[BlackElo "2140"]
[Annotator "NA"]
[PlyCount "70"]
[EventDate "2019.03.03"]
[EventType "tourn"]
[EventCountry "CRO"]
[SourceTitle "playchess.com"]
[Source "ChessBase"]
[SourceQuality "1"]
[TimeControl "5400+30"]

1. d4 Nf6 2. c4 e5 3. dxe5 Ng4 4. Bf4 Bb4+ $14 5. Nc3 Nc6 6. Nf3 Qe7 7. Qd5 Bxc3+ 8. bxc3 f6 9. exf6 Nxf6 10. Qd3 d6 11. e3 Ne4 12. Nd4 Bd7 13. Be2 O-O-O 14. Bf3 Nc5 15. Qc2 Ne5 16. Be2 Rdf8 17. Bg3 h5 18. h3 g5 19. Rd1 h4 20. Bxe5 Qxe5 21. Nf3 Qf6 22. Rd4 Bf5 23. Qc1 Ne6 24. Rd5 g4 25. hxg4 Bxg4 26. Rf1 h3 27. Nh4 hxg2 28. Nxg2 Bxe2 29. Kxe2 Qf3+ 30. Ke1 Qxg2 31. Qa3 Rh1 32. Rxh1 Qxh1+ 33. Ke2 Qf3+ 34. Kd3 Qd1+ 35. Ke4 Qc2+ 0-1

[Event "WGM Cvijet Mediterana 2019"]
[Site "Rijeka"]
[Date "2019.03.07"]
[Round "7.4"]
[White "Djukic, Sandra"]
[Black "Medic, Mirjana"]
[Result "1/2-1/2"]
[ECO "A90"]
[WhiteElo "2157"]
[BlackElo "2207"]
[Annotator "NA"]
[PlyCount "26"]
[EventDate "2019.03.03"]
[EventType "tourn"]
[EventCountry "CRO"]
[SourceTitle "playchess.com"]
[Source "ChessBase"]
[SourceQuality "1"]
[TimeControl "5400+30"]

1. d4 e6 2. c4 f5 3. g3 Nf6 4. Bg2 d5 5. Nh3 c6 6. Nd2 Bd6 7. Qc2 O-O 8. O-O b6 9. Nf3 {[%emt 0:01:30] LiveBook: 68 Games} Ne4 10. Nf4 Qe7 11. b3 Bb7 12. Bb2 Nd7 $11 13. Nd3 Rac8 1/2-1/2

[Event "WGM Cvijet Mediterana 2019"]
[Site "Rijeka"]
[Date "2019.03.08"]
[Round "8.2"]
[White "Medic, Mirjana"]
[Black "Tomilova, Elena"]
[Result "0-1"]
[ECO "D04"]
[WhiteElo "2207"]
[BlackElo "2300"]
[Annotator "RC"]
[PlyCount "60"]
[EventDate "2019.03.03"]
[EventType "tourn"]
[EventCountry "CRO"]
[SourceTitle "playchess.com"]
[Source "ChessBase"]
[SourceQuality "1"]
[TimeControl "5400+30"]

1. d4 d5 2. Nf3 Nf6 3. e3 c6 4. Bd3 Bg4 5. Nbd2 Nbd7 6. h3 Bh5 7. c4 e6 8. Qc2 Bd6 9. O-O O-O 10. e4 dxe4 11. Nxe4 Nxe4 12. Bxe4 f5 13. Bg5 Qe8 14. c5 Bc7 15. Nd2 fxe4 16. Nxe4 Bg6 17. Rae1 h6 18. Bh4 Bxe4 19. Rxe4 Nf6 20. Bxf6 Rxf6 21. Qb3 Qf7 22. f3 Rd8 23. Rfe1 Rd5 24. Qa4 a6 25. Qb3 Rg6 26. R1e2 Kh8 27. Kf1 Bg3 28. R2e3 Qd7 29. Qd3 Rf6 30. Qc4 e5 0-1

[Event "WGM Cvijet Mediterana 2019"]
[Site "Rijeka"]
[Date "2019.03.08"]
[Round "8.3"]
[White "Hrescak, Ivana"]
[Black "Djukic, Sandra"]
[Result "1/2-1/2"]
[ECO "E46"]
[WhiteElo "2128"]
[BlackElo "2157"]
[Annotator "RC"]
[PlyCount "114"]
[EventDate "2019.03.03"]
[EventType "tourn"]
[EventCountry "CRO"]
[SourceTitle "playchess.com"]
[Source "ChessBase"]
[SourceQuality "1"]
[TimeControl "5400+30"]

1. d4 Nf6 2. c4 e6 3. Nc3 Bb4 4. e3 O-O 5. Nge2 Re8 6. a3 Bf8 7. d5 a5 8. g3 Na6 9. Bg2 Nc5 10. b3 exd5 11. cxd5 b6 12. O-O Ba6 13. Qc2 Bd3 14. Qd1 Ba6 15. Bb2 Nd3 16. Qc2 Nxb2 17. Qxb2 g6 18. Rfd1 Bxe2 19. Qxe2 Bc5 20. Qc4 Bd6 21. Nb5 Qe7 22. Rab1 Rac8 23. b4 axb4 24. axb4 Ra8 25. Rdc1 Rec8 26. h3 h5 27. Rc2 Ra4 28. Nxd6 Qxd6 29. Qd4 Re8 30. Qc4 Ra7 31. Rbc1 Ra4 32. Rb1 Ra7 33. Qd4 Ra4 34. Rd2 Ra3 35. Rc2 Ra4 36. Rc4 Rea8 37. e4 Re8 38. f4 c5 39. dxc6 Qxd4+ 40. Rxd4 dxc6 41. e5 Nd5 42. Bxd5 cxd5 43. Rxd5 Rc8 44. Rd2 Rc3 45. Kh2 Raa3 46. Rg2 h4 47. gxh4 Rxh3+ 48. Kg1 Rxh4 49. e6 fxe6 50. Rxg6+ Kf7 51. f5 Rah3 52. Kg2 Rh2+ 53. Kg3 exf5 54. Rxb6 R2h3+ 55. Kg2 Rh2+ 56. Kg3 R2h3+ 57. Kg2 Rh2+ 1/2-1/2

[Event "WGM Cvijet Mediterana 2019"]
[Site "Rijeka"]
[Date "2019.03.08"]
[Round "8.4"]
[White "Vujnovic, Patricija"]
[Black "Rakhmangulova, Anastasiya"]
[Result "0-1"]
[ECO "A57"]
[WhiteElo "2056"]
[BlackElo "2235"]
[Annotator "RC"]
[PlyCount "114"]
[EventDate "2019.03.03"]
[EventType "tourn"]
[EventCountry "CRO"]
[SourceTitle "playchess.com"]
[Source "ChessBase"]
[SourceQuality "1"]
[TimeControl "5400+30"]

1. d4 Nf6 2. c4 c5 3. d5 b5 4. Nd2 bxc4 5. e4 c3 6. bxc3 d6 7. Bd3 g6 8. Ne2 Bg7 9. O-O O-O 10. Rb1 Nfd7 11. f4 Nb6 12. a4 a5 13. Qb3 N8d7 14. Bb5 c4 15. Nxc4 Nc5 16. Qc2 Nxc4 17. Bxc4 Nxe4 18. Be3 Qc7 19. Bb5 Bf5 20. Bd3 Nxc3 21. Bxf5 Nxe2+ 22. Qxe2 gxf5 23. Qd3 Qd7 24. Bd4 Qxa4 25. Bxg7 Kxg7 26. Rf3 Qe4 27. Qc3+ f6 28. Re1 Qxd5 29. Rxe7+ Rf7 30. Rg3+ Kf8 31. Rxf7+ Qxf7 32. Qc6 Qa7+ 33. Kh1 Re8 34. Qxd6+ Qe7 35. Qxe7+ Kxe7 36. Kg1 Kd6 37. Kf2 Kc5 38. Rg7 Ra8 39. Ke3 a4 40. Rc7+ Kb6 41. Rc1 a3 42. Kd4 a2 43. Ra1 Kb5 44. Kc3 Ra3+ 45. Kb2 Kb4 46. Rxa2 Rxa2+ 47. Kxa2 Kc3 48. Ka3 h5 49. Ka4 Kd4 50. Kb4 Ke3 51. Kc4 Kf2 52. Kd5 Kxg2 53. Ke6 Kxh2 54. Kxf5 Kg3 55. Kg6 Kxf4 56. Kxh5 f5 57. Kh4 Kf3 0-1

[Event "WGM Cvijet Mediterana 2019"]
[Site "Rijeka"]
[Date "2019.03.08"]
[Round "8.5"]
[White "Miladinovic, Lena"]
[Black "Zimina, Olga"]
[Result "0-1"]
[ECO "A20"]
[WhiteElo "2140"]
[BlackElo "2387"]
[Annotator "RC"]
[PlyCount "74"]
[EventDate "2019.03.03"]
[EventType "tourn"]
[EventCountry "CRO"]
[SourceTitle "playchess.com"]
[Source "ChessBase"]
[SourceQuality "1"]
[TimeControl "5400+30"]

1. c4 e5 2. a3 Nf6 3. e3 c6 4. Nc3 d5 5. d4 exd4 6. exd4 Be7 7. Nf3 O-O 8. Bd3 dxc4 9. Bxc4 Nbd7 10. O-O Nb6 11. Ba2 Bg4 12. Re1 Bh5 13. Bf4 Re8 14. Be5 Bd6 15. Qd3 Bg6 16. Qd2 Bxe5 17. Nxe5 Qd6 18. Qf4 Nbd5 19. Qf3 Rad8 20. h3 Qe6 21. Kh2 Qd6 22. Kg1 Qe6 23. Kh2 Qd6 24. Kg1 Qf8 25. Bb3 Rd6 26. Rac1 Nc7 27. Qg3 Ne6 28. Ba2 Nh5 29. Nxg6 hxg6 30. Qe5 Nhf4 31. Rcd1 Red8 32. Re4 g5 33. Kh2 Ng6 34. Qf5 Ne7 35. Bxe6 Nxf5 36. Bxf5 g6 37. Bg4 f5 0-1

[Event "WGM Cvijet Mediterana 2019"]
[Site "Rijeka"]
[Date "2019.03.09"]
[Round "9.2"]
[White "Rakhmangulova, Anastasiya"]
[Black "Miladinovic, Lena"]
[Result "1-0"]
[ECO "A04"]
[WhiteElo "2235"]
[BlackElo "2140"]
[Annotator "NA"]
[PlyCount "77"]
[EventDate "2019.03.03"]
[EventType "tourn"]
[EventCountry "CRO"]
[SourceTitle "playchess.com"]
[Source "ChessBase"]
[SourceQuality "1"]
[TimeControl "5400+30"]

1. Nf3 c5 2. b3 Nc6 3. e3 a6 4. Bb2 Nf6 5. c4 e6 6. Be2 d5 7. O-O Bd6 8. d4 cxd4 9. cxd5 exd5 10. Nxd4 O-O 11. Nd2 Re8 12. N2f3 Bd7 13. Rc1 Qe7 14. Nxc6 $11 bxc6 15. Qd4 Qf8 16. Bd3 Ne4 17. Bxe4 Rxe4 18. Qd3 Qe7 19. g3 h5 20. Nd4 c5 21. Nf5 Bxf5 22. Qxd5 Bh3 23. Qxa8+ Kh7 24. Qd5 h4 25. Rfd1 Re6 26. Rc4 hxg3 27. hxg3 g5 28. b4 Bxg3 29. Qd3+ f5 30. fxg3 Rxe3 31. Qd7 Re1+ 32. Kh2 Re2+ 33. Kxh3 g4+ 34. Rxg4 fxg4+ 35. Kxg4 Re4+ 36. Kh3 cxb4 37. Qf5+ Kg8 38. Qg6+ Kf8 39. Rf1+ 1-0

[Event "WGM Cvijet Mediterana 2019"]
[Site "Rijeka"]
[Date "2019.03.09"]
[Round "9.3"]
[White "Djukic, Sandra"]
[Black "Vujnovic, Patricija"]
[Result "1/2-1/2"]
[ECO "D30"]
[WhiteElo "2157"]
[BlackElo "2056"]
[Annotator "NA"]
[PlyCount "100"]
[EventDate "2019.03.03"]
[EventType "tourn"]
[EventCountry "CRO"]
[SourceTitle "playchess.com"]
[Source "ChessBase"]
[SourceQuality "1"]
[TimeControl "5400+30"]

1. d4 d5 2. c4 e6 3. Nf3 c6 4. Nbd2 Nf6 5. e3 Nbd7 6. b3 Bd6 7. Bb2 Qc7 8. Qc2 b6 9. Rc1 Bb7 10. cxd5 exd5 11. Bd3 $11 Rc8 12. O-O O-O 13. h3 Rfe8 14. Rfd1 Qd8 15. Re1 h6 16. Qb1 Re7 17. Nh4 Re8 18. Nf5 Bf8 19. Ng3 Bd6 20. Ndf1 Bf8 21. Bc3 Rc7 22. a4 c5 23. dxc5 Nxc5 24. Bb5 Re6 25. Red1 a6 26. Be2 Nce4 27. Bd4 Ba3 28. Rxc7 Qxc7 29. Qa1 Bf8 30. Rc1 Rc6 31. Rxc6 Qxc6 32. Qb2 Bc8 33. f3 Nxg3 34. Nxg3 Ne8 35. Kf2 g6 36. Qc3 Qxc3 37. Bxc3 Bg7 38. Bxg7 Kxg7 39. Ke1 Nd6 40. Kd2 Kf6 41. Kc3 Ke5 42. f4+ Ke6 43. Kd4 Bb7 44. Bd3 a5 45. f5+ gxf5 46. Nh5 Ne4 47. Ng7+ Kf6 48. Nh5+ Ke6 49. Ng7+ Kf6 50. Nh5+ Ke6 1/2-1/2

[Event "WGM Cvijet Mediterana 2019"]
[Site "Rijeka"]
[Date "2019.03.09"]
[Round "9.4"]
[White "Tomilova, Elena"]
[Black "Hrescak, Ivana"]
[Result "1/2-1/2"]
[ECO "B53"]
[WhiteElo "2300"]
[BlackElo "2128"]
[Annotator "NA"]
[PlyCount "179"]
[EventDate "2019.03.03"]
[EventType "tourn"]
[EventCountry "CRO"]
[SourceTitle "playchess.com"]
[Source "ChessBase"]
[SourceQuality "1"]
[TimeControl "5400+30"]

1. e4 c5 2. Nf3 d6 3. d4 cxd4 4. Qxd4 a6 5. h3 Nc6 6. Qe3 g6 7. Be2 Bg7 8. O-O Nf6 9. Rd1 Nd7 10. c4 Qb6 11. Nc3 Qxe3 12. Bxe3 O-O 13. Rab1 Nc5 14. Nd4 Nxd4 15. Bxd4 Be6 16. b4 Nd7 17. Nd5 $11 Bxd5 18. exd5 Bxd4 19. Rxd4 b6 20. Re4 Rfe8 21. Bd1 Rab8 22. Rc1 Kf8 23. Re3 Rec8 24. Rec3 Rc7 25. Ba4 b5 26. cxb5 Rxc3 27. Rxc3 axb5 28. Bb3 Rb7 29. f4 h5 30. g3 Nf6 31. Kg2 Kg7 32. Kf3 Nd7 33. Rc8 Nf6 34. g4 hxg4+ 35. hxg4 g5 36. fxg5 Nd7 37. Kf4 Ne5 38. Kf5 Nd3 39. a3 Ra7 40. Rc3 Ne5 41. Bc2 Rb7 42. Bd1 Ra7 43. Be2 Rb7 44. Kf4 Nd7 45. Bd3 Nb6 46. Ke4 Nd7 47. Kd4 Ne5 48. Bf5 Ra7 49. Bc2 Nxg4 50. a4 bxa4 51. Ra3 Ne5 52. Rxa4 Rb7 53. Be4 Nd7 54. Bd3 Ne5 55. Be4 Ng6 56. Bd3 Nf4 57. Ba6 Rb6 58. b5 Kg6 59. Rc4 Kxg5 60. Rc6 Rb8 61. b6 e5+ 62. Kc4 e4 63. b7 e3 64. Rc8 Rxb7 65. Bxb7 e2 66. Re8 Ne6 67. Rg8+ Kf4 68. dxe6 e1=Q 69. exf7 Qe2+ 70. Kd5 Qa2+ 71. Kxd6 Qxf7 72. Bd5 Qf6+ 73. Kc5 Qc3+ 74. Kd6 Qa3+ 75. Kc6 Ke5 76. Re8+ Kf6 77. Rg8 Qc3+ 78. Kd6 Qe5+ 79. Kc5 Qc3+ 80. Kd6 Qb4+ 81. Kc6 Ke7 82. Rg7+ Kf6 83. Rg8 Qa5 84. Rf8+ Ke7 85. Rf7+ Ke8 86. Rb7 Qa6+ 87. Kc5 Qa5+ 88. Kd6 Qd8+ 89. Kc5 Qa5+ 90. Kd6 1/2-1/2